 Dungeon Crawl Stone Soup version 0.24.1-8-ga250c9d538 (webtiles) character file.

Game seed: 13586876245507166257, levelgen mode: deterministic

98 Hugehornet the Changer (level 4, -2/28 HPs)
             Began as an Octopode Transmuter on May 5, 2020.
             Killed by divine providence
             ... invoked by an orc priest
              (14 damage)
             ... on level 3 of the Dungeon.
             The game lasted 00:04:04 (2392 turns).

Hugehornet the Changer (Octopode Transmuter)        Turns: 2392, Time: 00:04:05

Health: -2/28      AC:  2    Str:  9    XL:     4   Next: 71%
Magic:  2/7        EV: 19    Int: 16    God:
Gold:   124        SH:  0    Dex: 17    Spells: 1/7 levels left

rFire    . . .     SeeInvis .     - Unarmed
rCold    . . .     Gourm    +   (shield currently unavailable)
rNeg     . . .     Faith    .   (helmet currently unavailable)
rPois    x         Spirit   .   l - amulet of the gourmand
rElec    .         Reflect  .   (no ring)
rCorr    .         Harm     .   (no ring)
MR       .....                  (no ring)
Stlth    ++........             (no ring)
HPRegen  0.09/turn              (no ring)
MPRegen  0.10/turn              (no ring)
                                (no ring)
                                (no ring)

@: spider-form
A: tiny, almost no armour, stealthy swim, (amphibious), 8 rings, (constrict 8)
a: End Transformation


You were on level 3 of the Dungeon.
You were hungry.
You were a venomous arachnid creature.
You visited 1 branch of the dungeon, and saw 3 of its levels.

You collected 124 gold pieces.

Inventory:

Missiles
 a - 12 arrows
Armour
 m - a +0 large shield
Jewellery
 l - an amulet of the gourmand (around neck)
Scrolls
 b - a scroll of teleportation {unknown}
 e - a scroll of immolation {unknown}
 f - a scroll of enchant weapon {unknown}
 h - a scroll of identify {unknown}
 j - 2 scrolls of remove curse {unknown}
Potions
 d - a potion of ambrosia {unknown}
 g - a potion of brilliance {unknown}
 i - 2 potions of curing {unknown}
 k - a potion of degeneration {unknown}
Comestibles
 c - 2 rations


   Skills:
 - Level 1.0 Fighting
 - Level 2.0 Dodging
 * Level 3.6 Unarmed Combat
 - Level 2.0 Spellcasting
 * Level 4.1 Transmutations
 - Level 1.0 Poison Magic


You had one spell level left.
You knew the following spells:

 Your Spells              Type           Power        Failure   Level  Hunger
a - Beastly Appendage     Tmut           ##....       12%         1    #......
b - Sticks to Snakes      Tmut           ##......     17%         2    ###....
c - Spider Form           Tmut/Pois      #.........   43%         3    ###....

Your spell library contained the following spells:

 Spells                   Type           Power        Failure   Level  Hunger
 Ice Form                 Ice/Tmut       #.......     83%         4    #####..
 Blade Hands              Tmut           ##........   87%         5    ######.


Dungeon Overview and Level Annotations

Branches:
Dungeon (3/15)

Altars:


Innate Abilities, Weirdness & Mutations

You cannot wear most types of armour.
You are very stealthy in the water. (Stealth+)
((You are amphibious.))
You can wear up to eight rings at the same time.
((You can use your tentacles to constrict eight enemies at once.))
((Your skin changes colour to match your surroundings (Stealth+).))
((Your rubbery body absorbs attacks. (AC +1, EV +1)))


Message History

You closely miss the orc priest. You grab the orc priest.
You squeeze the orc priest.
The orc priest is lightly wounded.
You constrict the orc priest, but do no damage.
The orc priest barely misses you.
The orc wizard hits you with a +0 dagger.
Casting: Spider Form (safe; 22% risk of failure)
Confirm with . or Enter, or press ? or * to list all spells.
You turn into a venomous arachnid creature.
You lose your grip on the orc priest.
You are feeling hungry.
The orc wizard misses you.
The orc priest miscasts a cantrip.
You hit the orc priest.
The orc priest is poisoned.
The orc priest is heavily wounded.
The orc wizard closely misses you.
The orc priest mumbles some strange prayers to Beogh against you.
Beogh smites you!
Ouch! That really hurt!
You die...

##### #. #.# .#
#.# .# #.#......
.##.#.#... . ##
(#.#ooo. .. #.##
#..#... o.. #...
#..#o. .... #..#
##o.#.#...#. #.##
##.#s#.......
#..###.##)o.......
#.#...######....##
#.##### ####
########.#
.........#
.######### ..# ..#


You could see an orc priest and an orc wizard.

Vanquished Creatures
  2 adders (D:2)
  2 oozes (D:1)
  2 dart slugs (D:1)
  2 leopard geckos
  3 orcs (D:3)
  8 bats
  3 giant cockroaches
  8 goblins
  8 hobgoblins
  9 kobolds
  A quokka (D:2)
  A ball python (D:2)
  2 frilled lizards (D:2)
  9 rats
60 creatures vanquished.

Vanquished Creatures (others)
  A bat (D:1)
1 creature vanquished.

Grand Total: 61 creatures vanquished

Notes
Turn   | Place    | Note
-------+----------+-------------------------------------------
     0 | D:1      | Hugehornet the Octopode Transmuter began the quest for the
                  | Orb.
     0 | D:1      | Reached XP level 1. HP: 13/13 MP: 3/3
   155 | D:1      | Reached XP level 2. HP: 14/18 MP: 3/5
   180 | D:1      | Reached skill level 3 in Transmutations
   480 | D:1      | Reached XP level 3. HP: 19/23 MP: 4/6
   484 | D:1      | Learned a level 2 spell: Sticks to Snakes
   488 | D:1      | Learned a level 3 spell: Spider Form
   563 | D:1      | You fall into a shaft and drop 1 floor!
  1594 | D:2      | Reached skill level 1 in Poison Magic
  1594 | D:2      | Reached XP level 4. HP: 19/28 MP: 5/7
  2019 | D:2      | Reached skill level 4 in Transmutations
  2392 | D:3      | Killed from afar by an orc priest

Levels and vault maps discovered:
D:1:      erik_arrival_gehennom, layout_loops_ring,
          chequers_serial_rivers_room_b, lemuel_flame_loot_1
D:2:      layout_basic
D:3:      cheibrodos_pilgrimage, layout_loops_ring,
          nicolae_ru_sacrificial_ziggurat, marbit_many_paths, first_ration,
          serial_undead, serial_undead_e, serial_undead_c, serial_undead_b,
          serial_undead_a, kennysheep_generic_room_5

Skill      XL: |  1  2  3  4 |
---------------+-------------+-----
Transmutations | 3 4 |  4.1
Poison Magic   | 1 |  1.0
Fighting       | |  1.0
Dodging        | |  2.0
Unarmed Combat | |  3.6
Spellcasting   | |  2.0

Action                   |  1- 3 |  4- 6 || total
-------------------------+-------+-------++-------
Melee: Unarmed           |    83 |    42 ||   125
       Constrict         |    23 |     9 ||    32
       Kick              |    15 |    10 ||    25
       Tentacles         |    17 |     3 ||    20
       Punch             |     1 |       ||     1
 Cast: Beastly Appendage |    24 |    14 ||    38
       Spider Form       |       |     2 ||     2
 Stab: Sleeping          |     3 |     2 ||     5
  Eat: Chunk             |     2 |     3 ||     5
Armor: Skin              |     8 |     3 ||    11
Dodge: Dodged            |    57 |    20 ||    77
